[ PARTIDA AOE2 · #491470016 ]
UnrankedMongoles vs Italians
Equipo del jugador · DERR
Equipo rival · VICT
[ ANÁLISIS DE REPETICIÓN · EXTRAÍDO DE LA PARTIDA GRABADA ]
Feudal
8:28
Castillos
21:35
Imperial
—
| APM promedio | 64.1 |
| APM pico | 100 |
| eAPM promedio | 24.7 |
| Aldeanos / militares | 63 / 37 |
Foco
⚔️ 45.2% · 🌾 54.8%
Camel Scout ×14 · Steppe Lancer ×7 · Skirmisher ×6 · Scout Cavalry ×5 · Cavalry Archer ×3 · Monk ×2
Feudal
9:41
Castillos
16:49
Imperial
—
| APM promedio | 39.2 |
| APM pico | 67 |
| eAPM promedio | 16.6 |
| Aldeanos / militares | 59 / 31 |
Foco
⚔️ 30.3% · 🌾 69.7%
Knight ×16 · Spearman ×11 · Mangonel ×2 · Scorpion ×2
Mapa de la partida
Recursos iniciales + cada clic de construcción. Líneas = muros · curvas = relieve. ◆ oro · ⬟ piedra · ● bayas · ✦ reliquia · ◌ hueco del cierre
Tu base· ✓ Cerrada en 21:35 · 50t muro · 1 puerta(s)
Base de 游侠归来· Abierta — flanco sin cerrar
Terreno inicial suavizado · ◌ = hueco del cierre detectado · pasá el cursor para detalles
Inputs por minuto
— Fabrizio 094455 - - 游侠归来
Build order — Fabrizio 094455
Primeras 150 de 194 acciones detectadas
| 0:01 | Crear | Villager (Male) |
| 0:01 | Crear | Villager (Male) |
| 0:01 | Crear | Villager (Male) |
| 0:02 | Construir | House |
| 0:04 | Construir | House |
| 0:06 | Crear | Villager (Male) |
| 1:26 | Crear | Villager (Male) |
| 1:26 | Crear | Villager (Male) |
| 2:00 | Crear | Villager (Male) |
| 2:01 | Crear | Villager (Male) |
| 2:01 | Investigar | Loom |
| 2:24 | Construir | Lumber Camp |
| 2:26 | Crear | Villager (Male) |
| 2:26 | Crear | Villager (Male) |
| 2:46 | Crear | Villager (Male) |
| 2:46 | Crear | Villager (Male) |
| 3:12 | Crear | Villager (Male) |
| 3:12 | Crear | Villager (Male) |
| 3:12 | Crear | Villager (Male) |
| 3:53 | Construir | House |
| 3:54 | Crear | Villager (Male) |
| 4:19 | Construir | Palisade Wall |
| 4:35 | Crear | Villager (Male) |
| 5:18 | Crear | Villager (Male) |
| 5:22 | Construir | Mill |
| 5:29 | Investigar | Loom |
| 6:18 | Investigar | Feudal Age |
| 6:19 | Investigar | Feudal Age |
| 7:12 | Construir | Barracks |
| 7:49 | Crear | Villager (Male) |
| 8:09 | Construir | House |
| 8:28 | Edad | Edad Feudal |
| 8:31 | Construir | Stable |
| 8:34 | Investigar | Double-Bit Axe |
| 8:35 | Investigar | Double-Bit Axe |
| 8:48 | Crear | Villager (Male) |
| 8:59 | Construir | Palisade Wall |
| 9:05 | Construir | Farm |
| 9:15 | Crear | Scout Cavalry |
| 9:16 | Crear | Villager (Male) |
| 9:21 | Construir | Farm |
| 9:28 | Construir | House |
| 9:32 | Construir | Palisade Wall |
| 9:34 | Crear | Villager (Male) |
| 9:38 | Construir | Farm |
| 10:04 | Crear | Scout Cavalry |
| 10:05 | Construir | Farm |
| 10:46 | Crear | Scout Cavalry |
| 10:47 | Crear | Villager (Male) |
| 10:52 | Construir | Farm |
| 10:54 | Construir | Farm |
| 10:58 | Construir | Palisade Wall |
| 11:08 | Crear | Villager (Male) |
| 11:10 | Crear | Villager (Male) |
| 11:13 | Construir | House |
| 11:13 | Construir | House |
| 11:36 | Crear | Villager (Male) |
| 11:48 | Crear | Villager (Male) |
| 11:51 | Construir | Farm |
| 12:18 | Construir | Archery Range |
| 12:30 | Crear | Villager (Male) |
| 12:37 | Construir | House |
| 12:42 | Construir | Farm |
| 12:57 | Crear | Villager (Male) |
| 13:11 | Crear | Skirmisher |
| 13:11 | Crear | Skirmisher |
| 13:13 | Construir | House |
| 13:24 | Construir | Palisade Wall |
| 13:33 | Construir | Farm |
| 13:34 | Crear | Villager (Male) |
| 13:45 | Construir | House |
| 14:00 | Crear | Villager (Male) |
| 14:01 | Crear | Skirmisher |
| 14:13 | Crear | Skirmisher |
| 14:16 | Construir | House |
| 14:18 | Crear | Skirmisher |
| 14:19 | Crear | Villager (Male) |
| 14:23 | Crear | Villager (Male) |
| 14:27 | Construir | Farm |
| 14:32 | Construir | Farm |
| 14:40 | Crear | Skirmisher |
| 14:45 | Construir | House |
| 15:01 | Construir | Farm |
| 15:11 | Crear | Villager (Male) |
| 15:27 | Crear | Scout Cavalry |
| 15:30 | Construir | Farm |
| 15:36 | Construir | Palisade Wall |
| 15:38 | Construir | Palisade Gate |
| 15:40 | Construir | Palisade Wall |
| 15:41 | Construir | Palisade Wall |
| 15:52 | Construir | Farm |
| 15:52 | Crear | Villager (Male) |
| 16:03 | Construir | Mining Camp |
| 16:08 | Crear | Scout Cavalry |
| 16:14 | Crear | Villager (Male) |
| 16:30 | Investigar | Wheelbarrow |
| 17:57 | Crear | Villager (Male) |
| 18:03 | Construir | Market |
| 18:07 | Construir | House |
| 18:10 | Construir | House |
| 18:11 | Construir | Palisade Wall |
| 18:18 | Construir | House |
| 18:23 | Construir | House |
| 18:27 | Crear | Villager (Male) |
| 18:45 | Crear | Villager (Male) |
| 18:53 | Investigar | Castle Age |
| 18:54 | Investigar | Castle Age |
| 19:01 | Construir | House |
| 19:02 | Construir | House |
| 19:07 | Construir | Lumber Camp |
| 19:26 | Crear | Villager (Male) |
| 19:30 | Construir | Stone Wall |
| 19:33 | Construir | Stone Wall |
| 19:42 | Crear | Villager (Male) |
| 19:47 | Construir | Stone Wall |
| 19:54 | Investigar | Bloodlines |
| 19:54 | Investigar | Bloodlines |
| 19:57 | Crear | Villager (Male) |
| 20:22 | Investigar | Horse Collar |
| 20:22 | Investigar | Horse Collar |
| 20:39 | Crear | Villager (Male) |
| 20:56 | Crear | Villager (Male) |
| 20:59 | Construir | Stable |
| 21:20 | Construir | Blacksmith |
| 21:28 | Crear | Villager (Male) |
| 21:35 | Edad | Edad de los Castillos |
| 21:36 | Crear | Camel Scout |
| 21:44 | Crear | Camel Scout |
| 21:45 | Crear | Camel Scout |
| 22:01 | Investigar | Bow Saw |
| 22:01 | Investigar | Bow Saw |
| 22:04 | Construir | House |
| 22:14 | Construir | Palisade Wall |
| 22:32 | Crear | Camel Scout |
| 22:32 | Crear | Camel Scout |
| 22:44 | Investigar | Forging |
| 22:44 | Investigar | Forging |
| 22:49 | Crear | Villager (Male) |
| 23:14 | Crear | Camel Scout |
| 23:14 | Crear | Camel Scout |
| 23:17 | Construir | House |
| 23:21 | Construir | Palisade Wall |
| 23:31 | Construir | House |
| 23:35 | Construir | House |
| 23:47 | Construir | House |
| 24:09 | Crear | Villager (Male) |
| 24:11 | Crear | Camel Scout |
| 24:12 | Crear | Camel Scout |
| 24:44 | Crear | Villager (Male) |
| 24:45 | Crear | Villager (Male) |
Build order — 游侠归来
144 acciones detectadas en el replay
| 0:00 | Crear | Villager (Male) |
| 0:01 | Crear | Villager (Male) |
| 0:01 | Crear | Villager (Male) |
| 0:01 | Crear | Villager (Male) |
| 0:01 | Crear | Villager (Male) |
| 0:02 | Construir | House |
| 0:03 | Construir | House |
| 1:25 | Crear | Villager (Male) |
| 1:25 | Crear | Villager (Male) |
| 1:58 | Crear | Villager (Male) |
| 1:59 | Crear | Villager (Male) |
| 1:59 | Crear | Villager (Male) |
| 2:55 | Crear | Villager (Male) |
| 2:56 | Crear | Villager (Male) |
| 3:39 | Crear | Villager (Male) |
| 3:39 | Crear | Villager (Male) |
| 3:51 | Construir | House |
| 3:53 | Construir | Lumber Camp |
| 4:03 | Crear | Villager (Male) |
| 4:03 | Crear | Villager (Male) |
| 4:36 | Crear | Villager (Male) |
| 4:37 | Crear | Villager (Male) |
| 4:37 | Crear | Villager (Male) |
| 4:37 | Crear | Villager (Male) |
| 4:46 | Crear | Villager (Male) |
| 5:34 | Construir | House |
| 5:46 | Crear | Villager (Male) |
| 5:46 | Crear | Villager (Male) |
| 5:46 | Crear | Villager (Male) |
| 5:46 | Crear | Villager (Male) |
| 5:46 | Crear | Villager (Male) |
| 5:57 | Crear | Villager (Male) |
| 6:04 | Crear | Villager (Male) |
| 6:04 | Crear | Villager (Male) |
| 6:04 | Crear | Villager (Male) |
| 6:23 | Crear | Villager (Male) |
| 6:23 | Crear | Villager (Male) |
| 6:32 | Construir | Mill |
| 7:06 | Investigar | Loom |
| 7:06 | Investigar | Feudal Age |
| 7:11 | Construir | Mining Camp |
| 8:31 | Crear | Villager (Male) |
| 8:40 | Construir | Barracks |
| 9:03 | Crear | Villager (Male) |
| 9:12 | Construir | Mill |
| 9:41 | Edad | Edad Feudal |
| 10:24 | Crear | Villager (Male) |
| 10:46 | Crear | Spearman |
| 10:55 | Crear | Villager (Male) |
| 10:58 | Construir | Stable |
| 11:00 | Construir | House |
| 11:38 | Crear | Villager (Male) |
| 11:38 | Crear | Villager (Male) |
| 12:02 | Crear | Spearman |
| 12:06 | Construir | Farm |
| 12:16 | Construir | Blacksmith |
| 12:36 | Construir | House |
| 12:44 | Crear | Villager (Male) |
| 12:48 | Construir | Farm |
| 12:54 | Crear | Villager (Male) |
| 13:03 | Construir | Farm |
| 13:19 | Construir | Farm |
| 13:39 | Construir | Farm |
| 14:09 | Investigar | Castle Age |
| 14:46 | Investigar | Forging |
| 14:51 | Construir | Stable |
| 15:14 | Construir | House |
| 15:31 | Construir | Farm |
| 15:38 | Investigar | Bloodlines |
| 15:44 | Investigar | Scale Barding Armor |
| 16:09 | Construir | Farm |
| 16:14 | Investigar | Bloodlines |
| 16:45 | Construir | Farm |
| 16:49 | Edad | Edad de los Castillos |
| 16:50 | Crear | Knight |
| 16:50 | Crear | Knight |
| 16:50 | Crear | Knight |
| 16:50 | Crear | Knight |
| 17:00 | Crear | Knight |
| 17:00 | Crear | Knight |
| 17:46 | Crear | Knight |
| 17:46 | Crear | Knight |
| 17:46 | Crear | Knight |
| 18:07 | Crear | Knight |
| 18:07 | Crear | Knight |
| 18:32 | Crear | Knight |
| 18:36 | Construir | Lumber Camp |
| 18:39 | Construir | Farm |
| 18:40 | Construir | Farm |
| 18:43 | Construir | House |
| 19:09 | Investigar | Town Watch |
| 19:09 | Investigar | Town Watch |
| 19:17 | Construir | Siege Workshop |
| 19:27 | Crear | Villager (Male) |
| 19:59 | Investigar | Wheelbarrow |
| 20:00 | Investigar | Wheelbarrow |
| 20:48 | Investigar | Fletching |
| 20:53 | Crear | Mangonel |
| 20:56 | Construir | Mining Camp |
| 21:02 | Crear | Villager (Male) |
| 21:02 | Crear | Villager (Male) |
| 21:11 | Crear | Knight |
| 21:11 | Crear | Knight |
| 21:28 | Crear | Villager (Male) |
| 21:28 | Crear | Villager (Male) |
| 22:28 | Crear | Scorpion |
| 22:28 | Crear | Scorpion |
| 22:47 | Crear | Knight |
| 22:47 | Crear | Knight |
| 22:53 | Crear | Villager (Male) |
| 22:53 | Crear | Villager (Male) |
| 22:54 | Construir | Farm |
| 23:23 | Investigar | Pikeman (upgrade) |
| 23:23 | Crear | Spearman |
| 23:51 | Crear | Villager (Male) |
| 23:52 | Crear | Spearman |
| 23:52 | Crear | Spearman |
| 24:13 | Crear | Spearman |
| 24:13 | Crear | Spearman |
| 24:14 | Crear | Spearman |
| 24:45 | Crear | Villager (Male) |
| 24:55 | Crear | Villager (Male) |
| 24:56 | Crear | Villager (Male) |
| 25:05 | Construir | Mining Camp |
| 25:24 | Crear | Spearman |
| 25:26 | Crear | Villager (Male) |
| 25:26 | Crear | Villager (Male) |
| 25:42 | Construir | House |
| 26:04 | Crear | Villager (Male) |
| 26:06 | Construir | Mining Camp |
| 26:26 | Construir | House |
| 26:28 | Construir | Palisade Wall |
| 26:29 | Construir | Palisade Wall |
| 27:01 | Crear | Villager (Male) |
| 27:01 | Crear | Villager (Male) |
| 27:59 | Crear | Villager (Male) |
| 27:59 | Crear | Villager (Male) |
| 28:10 | Crear | Mangonel |
| 28:16 | Investigar | Bodkin Arrow |
| 28:25 | Construir | Castle |
| 28:35 | Crear | Spearman |
| 28:35 | Crear | Spearman |
| 29:26 | Construir | Castle |
| 29:40 | Crear | Villager (Male) |
Cronología de la partida
| 4:19 | Fabrizio 094455 · wall_segment Palisade Wall x1 |
| 7:12 | Fabrizio 094455 · first_building Barracks |
| 8:28 | Fabrizio 094455 · age_up feudal |
| 8:31 | Fabrizio 094455 · first_building Stable |
| 8:40 | 游侠归来 · first_building Barracks |
| 8:59 | Fabrizio 094455 · wall_segment Palisade Wall x1 |
| 9:32 | Fabrizio 094455 · wall_segment Palisade Wall x5 |
| 9:41 | 游侠归来 · age_up feudal |
| 10:58 | Fabrizio 094455 · wall_segment Palisade Wall x10 |
| 10:58 | 游侠归来 · first_building Stable |
| 12:18 | Fabrizio 094455 · first_building Archery Range |
| 13:24 | Fabrizio 094455 · wall_segment Palisade Wall x14 |
| 15:36 | Fabrizio 094455 · wall_segment Palisade Wall x12 |
| 15:40 | Fabrizio 094455 · wall_segment Palisade Wall x1 |
| 15:41 | Fabrizio 094455 · wall_segment Palisade Wall x1 |
| 16:49 | 游侠归来 · age_up castle |
| 18:11 | Fabrizio 094455 · wall_segment Palisade Wall x1 |
| 19:17 | 游侠归来 · first_building Siege Workshop |
| 19:30 | Fabrizio 094455 · wall_segment Stone Wall x2 |
| 19:33 | Fabrizio 094455 · wall_segment Stone Wall x1 |
| 19:47 | Fabrizio 094455 · wall_segment Stone Wall x1 |
| 21:08 | Fabrizio 094455 · first_market_sell 100 food |
| 21:09 | Fabrizio 094455 · first_market_buy 100 wood |
| 21:35 | Fabrizio 094455 · age_up castle |
| 22:14 | Fabrizio 094455 · wall_segment Palisade Wall x1 |
| 23:21 | Fabrizio 094455 · wall_segment Palisade Wall x1 |
| 26:08 | Fabrizio 094455 · first_building Monastery |
| 26:28 | 游侠归来 · wall_segment Palisade Wall x1 |
| 26:29 | 游侠归来 · wall_segment Palisade Wall x1 |
| 27:25 | Fabrizio 094455 · wall_segment Palisade Wall x1 |
| 28:25 | 游侠归来 · first_building Castle |
| 29:50 | Fabrizio 094455 · resign |
[ ANÁLISIS IA · 1 CRÉDITO ]
¿Qué pasó realmente en esta partida?
Wolo.gg analiza cada decisión: build order, eco, micro, errores típicos por bracket. Análisis personalizado por WhatsApp o Discord en 30 segundos.
Guía civ
Mongoles
Perfil
Fabrizio 094455